Avalanche vs Kings (R2)

Created - March 15, 2018 at 19:09

Goals
1 2 3 T
Avalanche 1 1 0 2
Kings 1 0 0 1
Shots
1 2 3 T
Avalanche 18 13 5 36
Kings 3 6 13 22

1st period

1. Avalanche , Paul Stastny 18 (Andrei Kostitsyn 24) at 15:45
2. Kings , Greg Campbell 7 (Rostislav Olesz 11) at 16:32

Penalties :
Jack Johnson (Col) for Hooking (Minor) at 1:40, Maxim Kondratiev (LAK) for Interference (Minor) at 4:26, Dan Boyle (Col) for Interference (Minor) at 13:14, Maxim Kondratiev (LAK) for Holding (Minor) at 17:40

2nd period

3. Avalanche , Chris Drury 11 (Alexander Radulov 26) at 9:29

Penalties :
Pernell Karl Subban (Col) for Roughing (Minor) at 9:42

3rd period

No Goal

Penalties :
Andrei Kostitsyn (Col) for Roughing (Minor) at 0:23, Maxim Kondratiev (LAK) for High sticking (Minor) at 9:45, Bryan Little (Col) for Slashing (Minor) at 13:54, Anze Kopitar (LAK) for Hooking (Minor) at 19:23

Goalie Stats

Semyon Varlamov (Col), 21 saves from 22 shots - (0.955), W, 32-18-4, 60:00 minutes
Frederik Andersen (LAK), 34 saves from 36 shots - (0.944), L, 16-18-2, 60:00 minutes

Players Stats for Avalanche

Player Name              G  A  P  +/- PIM S  H  SB GA TA FO     MP     PP MP  PK MP  
------------------------------------------------------------------------------------
Alexander Radulov        0  1  1   1  0   4  1  1  0  0  2/2    14:52   2:40   1:30 
Andrei Kostitsyn         0  1  1   1  2   2  2  0  0  0  0/0    16:45   2:40   0:58 
Andrew Ladd              0  0  0   1  0   2  1  1  0  1  2/8    16:44   0:03   5:24 
Brandon Yip              0  0  0   1  0   3  1  0  0  1  0/0    13:13   0:03   0:00 
Bryan Little             0  0  0  -1  2   5  2  0  0  1  9/13   15:49   3:50   0:00 
Chris Drury              1  0  1   1  0   3  1  0  0  1  7/9    13:56   0:00   3:08 
Chuck Kobasew            0  0  0   0  0   2  0  0  0  1  1/2    13:26   0:00   5:22 
Corey Perry              0  0  0  -1  0   1  0  0  1  0  0/1    15:31   3:50   0:00 
Dan Boyle                0  0  0   0  2   2  2  0  0  0  0/0    18:42   4:19   1:34 
Jack Johnson             0  0  0   0  2   3  1  1  0  2  0/0    21:07   2:14   3:05 
Jay Bouwmeester          0  0  0   1  0   1  3  1  1  0  0/0    19:47   4:19   0:00 
Johnny Boychuk           0  0  0   0  0   0  1  2  0  2  0/0    17:43   0:00   4:40 
Kyle Turris              0  0  0   0  0   1  0  0  0  0  3/4     7:21   0:00   0:00 
Marc Staal               0  0  0   0  0   1  1  1  1  0  0/0    20:45   0:00   5:45 
Mikkel Boedker           0  0  0  -1  0   4  2  0  0  0  0/2    15:31   3:50   0:00 
Paul Stastny             1  0  1   1  0   2  0  0  1  0  5/12   15:17   2:40   0:00 
Pernell Karl Subban      0  0  0   1  2   0  1  0  0  0  0/0    22:21   2:14   4:46 
Ryan Smyth               0  0  0   0  0   0  1  0  1  0  0/0    11:10   0:03   3:28 

Players Stats for Kings

Player Name              G  A  P  +/- PIM S  H  SB GA TA FO     MP     PP MP  PK MP  
------------------------------------------------------------------------------------
Alexei Morozov           0  0  0   0  0   1  3  0  0  1  1/1    17:27   4:08   0:00 
Anze Kopitar             0  0  0  -1  2   3  3  0  1  0  11/22  20:01   5:43   1:11 
Cam Janssen              0  0  0   1  0   0  1  0  0  0  0/0     7:44   0:04   0:00 
Dave Tanabe              0  0  0  -2  0   0  1  1  0  1  0/0    22:27   0:00   4:34 
Drew Doughty             0  0  0  -2  0   6  1  1  3  2  0/0    24:32   6:33   0:00 
Greg Campbell            1  0  1   1  0   3  1  0  1  0  4/10   11:08   0:00   3:36 
Johnny Gaudreau          0  0  0  -1  0   2  0  1  1  0  0/1    20:06   5:41   1:11 
Josef Vasicek            0  0  0  -1  0   0  1  0  0  0  0/3    10:02   0:06   0:00 
Mark Giordano            0  0  0   0  0   0  1  0  1  0  0/0    18:50   3:22   3:41 
Maxim Kondratiev         0  0  0   1  6   0  0  2  0  0  0/0    15:14   0:00   0:36 
Michael Haley            0  0  0   1  0   0  3  0  0  0  0/0     8:45   0:00   1:46 
Nathan Paetsch           0  0  0   0  0   1  3  1  0  0  0/0    12:45   0:00   1:59 
Patric Hornqvist         0  0  0  -1  0   1  2  0  0  0  0/0    17:52   5:41   0:00 
Peter Prucha             0  0  0  -1  0   1  0  0  0  0  0/0    13:39   0:06   3:36 
Rostislav Olesz          0  1  1  -1  0   2  1  0  0  0  0/0    14:03   4:08   0:00 
Simon Gagné              0  0  0   0  0   1  1  0  0  0  1/2    19:10   4:08   1:46 
Stephane Robidas         0  0  0   1  0   0  0  0  1  1  0/0    19:32   3:22   2:16 
Tyler Seguin             0  0  0   0  0   1  0  1  1  0  7/14   20:06   6:33   0:00 

3 Stars

1 - Frederik Andersen (LAK)
2 - Chris Drury (Col)
3 - Paul Stastny (Col)

Power Play

Avalanche - 0 on 4 Attempt(s) - 0.00%
Kings - 0 on 5 Attempt(s) - 0.00%

Penalty Kill

Avalanche - 5 on 5 Attempt(s) - 100.00% - Score 0 goal in Penalty Kill
Kings - 4 on 4 Attempt(s) - 100.00% - Score 0 goal in Penalty Kill

Team Stat

Avalanche - Hits : 20 - Faceoff Wins : 29 - Blocked Shots : 7 - Penalty Minutes : 10
Kings - Hits : 22 - Faceoff Wins : 24 - Blocked Shots : 7 - Penalty Minutes : 8

Official

Referees : Charron Francis and Hasenfratz Mike
Linesman : Don Henderson and Jonny Murray

Game Notes

7:39 of 1st period - Avalanche goal is going for a video replay. After video review, No Goal. The puck has entered the net after making contact with an attacking player’s stick that is above the height of the crossbar.

Finance

Level 1 -- Attendance: 6000 (100.00%) -- Ticket Income $540,000
Level 2 -- Attendance: 3819 (76.38%) -- Ticket Income $248,235
Level 3 -- Attendance: 1489 (74.45%) -- Ticket Income $59,560
Level 4 -- Attendance: 3150 (78.75%) -- Ticket Income $94,500
Luxury Box -- Attendance: 1000 (100.00%) -- Ticket Income $145,000
Game was played at the Staples Center.
Total Attendance: 15458 (85.88%)
Total Ticket Income: $1,087,295
Other Income: $163,094
Total Income: $1,250,389

Avalanche

5 vs 5 Forward 
   Center                   Left Wing                Right Wing               Time % Phy DF OF 
 1 Bryan Little             Mikkel Boedker           Corey Perry              30     0   2  2  
 2 Paul Stastny             Andrei Kostitsyn         Brandon Yip              30     1   2  2  
 3 Chris Drury              Andrew Ladd              Alexander Radulov        25     1   2  2  
 4 Kyle Turris              Ryan Smyth               Chuck Kobasew            15     1   2  2  

5 vs 5 Defense 
   Defense                  Defense                                           Time % Phy DF OF 
 1 Jack Johnson             Marc Staal                                        35     1   2  2  
 2 Pernell Karl Subban      Jay Bouwmeester                                   35     1   2  2  
 3 Dan Boyle                Johnny Boychuk                                    30     1   2  2  
 4 Jack Johnson             Marc Staal                                        0      1   2  2  

PowerPlay Forward 
   Center                   Left Wing                Right Wing               Time % Phy DF OF 
 1 Bryan Little             Mikkel Boedker           Corey Perry              60     1   2  2  
 2 Paul Stastny             Andrei Kostitsyn         Alexander Radulov        40     1   2  2  

PowerPlay Defense
   Defense                  Defense                                           Time % Phy DF OF 
 1 Dan Boyle                Jay Bouwmeester                                   60     1   2  2  
 2 Pernell Karl Subban      Jack Johnson                                      40     1   2  2  

Penalty Kill 4 Players Forward 
   Center                   Wing                     Time % Phy DF OF 
 1 Andrew Ladd              Chuck Kobasew            60     1   2  2  
 2 Chris Drury              Ryan Smyth               40     1   2  2  

Penalty Kill 4 Players Defense
   Defense                  Defense                  Time % Phy DF OF 
 1 Pernell Karl Subban      Marc Staal               60     1   2  2  
 2 Jack Johnson             Johnny Boychuk           40     1   2  2  

Penalty Kill - 3 Players Forward 
   Forward                                           Time % Phy DF OF 
 1 Chuck Kobasew                                     60     1   2  2  
 2 Ryan Smyth                                        40     1   2  2  

Penalty Kill - 3 Players Defense
   Defense                  Defense                  Time % Phy DF OF 
 1 Jack Johnson             Marc Staal               60     1   2  2  
 2 Pernell Karl Subban      Johnny Boychuk           40     1   2  2  

4 vs 4 Forward 
   Center                   Wing                     Time % Phy DF OF 
 1 Bryan Little             Corey Perry              60     1   2  2  
 2 Mikkel Boedker           Andrei Kostitsyn         40     1   2  2  

4 vs 4 Defense
   Defense                  Defense                  Time % Phy DF OF 
 1 Jack Johnson             Marc Staal               60     1   2  2  
 2 Pernell Karl Subban      Jay Bouwmeester          40     1   2  2  

Last Minutes Offensive
   Center                   Left Wing                Right Wing               Defense                  Defense                  
   Bryan Little             Mikkel Boedker           Corey Perry              Jack Johnson             Dan Boyle                

Last Minutes Defensive
   Center                   Left Wing                Right Wing               Defense                  Defense                  
   Chris Drury              Andrew Ladd              Chuck Kobasew            Jack Johnson             Marc Staal               

Goaltenders
Starting : Semyon Varlamov          
Backup : Hannu Toivonen           

Extra Forwards
Normal : Andrei Kostitsyn, Andrew Ladd, Alexander Radulov - PP : Paul Stastny, Andrew Ladd - PK : Alexander Radulov
Extra Defensemen
Normal : Dan Boyle, Johnny Boychuk, Pernell Karl Subban - PP : Dan Boyle - PK : Johnny Boychuk, Pernell Karl Subban
Penalty Shots
Bryan Little, Corey Perry, Mikkel Boedker, Andrei Kostitsyn, Paul Stastny

Scratches
Mike Comrie (Right Hip Injury)

Kings

5 vs 5 Forward 
   Center                   Left Wing                Right Wing               Time % Phy DF OF 
 1 Anze Kopitar             Johnny Gaudreau          Patric Hornqvist         35     1   2  2  
 2 Tyler Seguin             Simon Gagné              Alexei Morozov           35     1   2  2  
 3 Josef Vasicek            Rostislav Olesz          Peter Prucha             25     1   2  2  
 4 Greg Campbell            Michael Haley            Cam Janssen              5      1   3  1  

5 vs 5 Defense 
   Defense                  Defense                                           Time % Phy DF OF 
 1 Drew Doughty             Dave Tanabe                                       45     1   2  2  
 2 Stephane Robidas         Maxim Kondratiev                                  35     1   3  1  
 3 Nathan Paetsch           Mark Giordano                                     20     1   3  1  
 4 Drew Doughty             Maxim Kondratiev                                  0      1   3  1  

PowerPlay Forward 
   Center                   Left Wing                Right Wing               Time % Phy DF OF 
 1 Anze Kopitar             Johnny Gaudreau          Patric Hornqvist         70     0   1  4  
 2 Simon Gagné              Rostislav Olesz          Alexei Morozov           30     1   1  3  

PowerPlay Defense
   Defense                  Defense                                           Time % Phy DF OF 
 1 Tyler Seguin             Drew Doughty                                      70     0   2  3  
 2 Mark Giordano            Stephane Robidas                                  30     0   3  2  

Penalty Kill 4 Players Forward 
   Center                   Wing                     Time % Phy DF OF 
 1 Greg Campbell            Peter Prucha             60     1   3  1  
 2 Simon Gagné              Michael Haley            40     1   3  1  

Penalty Kill 4 Players Defense
   Defense                  Defense                  Time % Phy DF OF 
 1 Maxim Kondratiev         Dave Tanabe              60     1   4  0  
 2 Nathan Paetsch           Mark Giordano            40     1   4  0  

Penalty Kill - 3 Players Forward 
   Forward                                           Time % Phy DF OF 
 1 Anze Kopitar                                      60     1   3  1  
 2 Greg Campbell                                     40     1   3  1  

Penalty Kill - 3 Players Defense
   Defense                  Defense                  Time % Phy DF OF 
 1 Maxim Kondratiev         Drew Doughty             60     1   4  0  
 2 Nathan Paetsch           Dave Tanabe              40     1   4  0  

4 vs 4 Forward 
   Center                   Wing                     Time % Phy DF OF 
 1 Tyler Seguin             Anze Kopitar             60     1   2  2  
 2 Johnny Gaudreau          Patric Hornqvist         40     1   2  2  

4 vs 4 Defense
   Defense                  Defense                  Time % Phy DF OF 
 1 Drew Doughty             Dave Tanabe              60     1   2  2  
 2 Maxim Kondratiev         Stephane Robidas         40     1   2  2  

Last Minutes Offensive
   Center                   Left Wing                Right Wing               Defense                  Defense                  
   Anze Kopitar             Johnny Gaudreau          Patric Hornqvist         Drew Doughty             Stephane Robidas         

Last Minutes Defensive
   Center                   Left Wing                Right Wing               Defense                  Defense                  
   Anze Kopitar             Simon Gagné              Peter Prucha             Drew Doughty             Maxim Kondratiev         

Goaltenders
Starting : Frederik Andersen        
Backup : Mike Brodeur             

Extra Forwards
Normal : Anze Kopitar, Johnny Gaudreau, Patric Hornqvist - PP : Peter Prucha, Josef Vasicek - PK : Anze Kopitar
Extra Defensemen
Normal : Drew Doughty, Dave Tanabe, Maxim Kondratiev - PP : Nathan Paetsch - PK : Mark Giordano, Stephane Robidas
Penalty Shots
Anze Kopitar, Simon Gagné, Patric Hornqvist, Tyler Seguin, Peter Prucha

Scratches
Kyle Clifford (Right Eye Injury), Robyn Regehr (Healthy)

% Time on Ice - Avalanche

Lines # - Real PCT - Wanted PCT - Time Play
Normal Forward
1 - 30% - 30% - 12:46
2 - 29% - 30% - 12:37
3 - 24% - 25% - 10:13
4 - 17% - 15% - 7:21
Normal Defense
1 - 35% - 35% - 14:57
2 - 37% - 35% - 16:04
3 - 28% - 30% - 11:56
4 - 0% - 0% - 0:00
PP Forward
1 - 59% - 60% - 3:53
2 - 41% - 40% - 2:40
PP Defense
1 - 66% - 60% - 4:19
2 - 34% - 40% - 2:14
PK Forward
1 - 68% - 60% - 6:47
2 - 32% - 40% - 3:08
PK Defense
1 - 58% - 60% - 5:48
2 - 42% - 40% - 4:07
PK3 Forward
1 - 0% - 60%
2 - 0% - 40%
PK3 Defense
1 - 0% - 60%
2 - 0% - 40%
44 Forward
1 - 0% - 60%
2 - 0% - 40%
44 Defense
1 - 0% - 60%
2 - 0% - 40%
Last Minute Offensive  - 0:00
Last Minute Defensive  - 0:35
Total
Forward - 60:00
Defense - 60:00

% Time on Ice - Kings

Lines # - Real PCT - Wanted PCT - Time Play
Normal Forward
1 - 28% - 35% - 12:11
2 - 33% - 35% - 14:11
3 - 22% - 25% - 9:35
4 - 16% - 5% - 6:59
Normal Defense
1 - 43% - 45% - 18:19
2 - 33% - 35% - 14:03
3 - 23% - 20% - 9:59
4 - 1% - 0% - 0:35
PP Forward
1 - 58% - 70% - 5:47
2 - 42% - 30% - 4:08
PP Defense
1 - 66% - 70% - 6:33
2 - 34% - 30% - 3:22
PK Forward
1 - 73% - 60% - 4:47
2 - 27% - 40% - 1:46
PK Defense
1 - 81% - 60% - 5:20
2 - 19% - 40% - 1:13
PK3 Forward
1 - 0% - 60%
2 - 0% - 40%
PK3 Defense
1 - 0% - 60%
2 - 0% - 40%
44 Forward
1 - 0% - 60%
2 - 0% - 40%
44 Defense
1 - 0% - 60%
2 - 0% - 40%
Last Minute Offensive  - 0:36
Last Minute Defensive  - 0:00
Total
Forward - 60:00
Defense - 60:00

Play by Play

1st period


0:01 of 1st period - Bryan Little wins face-off versus Anze Kopitar in neutral zone.
0:10 of 1st period - Wrist shot by Bryan Little.
0:10 of 1st period - Stopped by Frederik Andersen with a rebound.
0:12 of 1st period - Backhand shot by Bryan Little.
0:12 of 1st period - Stopped by Frederik Andersen without a rebound.
0:13 of 1st period - Paul Stastny wins face-off versus Tyler Seguin in Kings zone.
0:14 of 1st period - Wrist shot by Brandon Yip.
0:14 of 1st period - Shot Misses the Net.
1:40 of 1st period - Minor Penalty to Jack Johnson for Hooking.
1:41 of 1st period - Anze Kopitar wins face-off versus Andrew Ladd in Avalanche zone.
3:11 of 1st period - Alexander Radulov is hit by Anze Kopitar and loses puck.
3:32 of 1st period - Marc Staal is hit by Rostislav Olesz and loses puck.
3:40 of 1st period - Penalty to Jack Johnson is over, Jack Johnson is back on ice.
3:47 of 1st period - Backhand shot by Chuck Kobasew.
3:47 of 1st period - Stopped by Frederik Andersen without a rebound.
3:48 of 1st period - Bryan Little wins face-off versus Greg Campbell in Kings zone.
3:49 of 1st period - Snap shot by Mikkel Boedker.
3:49 of 1st period - Shot Blocked by Maxim Kondratiev.
3:51 of 1st period - Snap shot by Mikkel Boedker.
3:51 of 1st period - Shot Misses the Net.
4:26 of 1st period - Minor Penalty to Maxim Kondratiev for Interference.
4:27 of 1st period - Greg Campbell wins face-off versus Mikkel Boedker in Kings zone.
4:39 of 1st period - Snap shot by Bryan Little.
4:39 of 1st period - Shot Misses the Net.
4:41 of 1st period - Backhand shot by Jay Bouwmeester.
4:41 of 1st period - Stopped by Frederik Andersen without a rebound.
4:42 of 1st period - Greg Campbell wins face-off versus Bryan Little in Kings zone.
4:58 of 1st period - Snap shot by Mikkel Boedker.
4:58 of 1st period - Shot Hit the Post.
6:26 of 1st period - Penalty to Maxim Kondratiev is over, Maxim Kondratiev is back on ice.
6:37 of 1st period - Maxim Kondratiev is hit by Dan Boyle and loses puck.
7:01 of 1st period - Slapshot by Drew Doughty.
7:01 of 1st period - Stopped by Semyon Varlamov without a rebound.
7:02 of 1st period - Anze Kopitar wins face-off versus Kyle Turris in Avalanche zone.
7:30 of 1st period - Nathan Paetsch is hit by Marc Staal and loses puck.
7:37 of 1st period - Wrist shot by Paul Stastny.
7:37 of 1st period - Stopped by Frederik Andersen with a rebound.
7:39 of 1st period - Wrist shot by Brandon Yip.
7:39 of 1st period - Avalanche goal is going for a video replay.
7:39 of 1st period - The goal is refused. The puck has entered the net after making contact with an attacking player’s stick that is above the height of the crossbar..
7:40 of 1st period - Bryan Little wins face-off versus Tyler Seguin in Kings zone.
7:41 of 1st period - Slapshot by Mikkel Boedker.
7:41 of 1st period - Stopped by Frederik Andersen without a rebound.
7:42 of 1st period - Tyler Seguin wins face-off versus Corey Perry in Kings zone.
8:35 of 1st period - Snap shot by Chuck Kobasew.
8:35 of 1st period - Shot Blocked by Drew Doughty.
8:37 of 1st period - Wrist shot by Kyle Turris.
8:37 of 1st period - Stopped by Frederik Andersen without a rebound.
8:38 of 1st period - Alexei Morozov wins face-off versus Mikkel Boedker in Kings zone.
9:03 of 1st period - Maxim Kondratiev is hit by Pernell Karl Subban and loses puck.
9:52 of 1st period - Snap shot by Chris Drury.
9:52 of 1st period - Stopped by Frederik Andersen with a rebound.
9:54 of 1st period - Wrist shot by Chris Drury.
9:54 of 1st period - Stopped by Frederik Andersen with a rebound.
10:52 of 1st period - Peter Prucha is hit by Andrei Kostitsyn and loses puck.
11:30 of 1st period - Snap shot by Chris Drury.
11:30 of 1st period - Shot Misses the Net.
11:40 of 1st period - Simon Gagné is hit by Ryan Smyth.
12:00 of 1st period - Andrew Ladd is hit by Cam Janssen and loses puck.
12:36 of 1st period - Jack Johnson is hit by Mark Giordano and loses puck.
12:51 of 1st period - Snap shot by Brandon Yip.
12:51 of 1st period - Stopped by Frederik Andersen without a rebound.
12:52 of 1st period - Anze Kopitar wins face-off versus Paul Stastny in Kings zone.
13:14 of 1st period - Minor Penalty to Dan Boyle for Interference.
13:15 of 1st period - Anze Kopitar wins face-off versus Andrew Ladd in Avalanche zone.
13:26 of 1st period - Slapshot by Johnny Gaudreau.
13:26 of 1st period - Stopped by Semyon Varlamov without a rebound.
13:27 of 1st period - Andrew Ladd wins face-off versus Johnny Gaudreau in Avalanche zone.
13:40 of 1st period - Wrist shot by Johnny Gaudreau.
13:40 of 1st period - Shot Misses the Net.
14:03 of 1st period - Johnny Boychuk is hit by Simon Gagné.
14:07 of 1st period - Alexei Morozov is hit by Chris Drury and loses puck.
15:14 of 1st period - Penalty to Dan Boyle is over, Dan Boyle is back on ice.
15:27 of 1st period - Icing by Stephane Robidas.
15:28 of 1st period - Greg Campbell wins face-off versus Bryan Little in Kings zone.
15:37 of 1st period - Wrist shot by Mikkel Boedker.
15:37 of 1st period - Stopped by Frederik Andersen with a rebound.
15:39 of 1st period - Snap shot by Bryan Little.
15:39 of 1st period - Stopped by Frederik Andersen without a rebound.
15:40 of 1st period - Paul Stastny wins face-off versus Josef Vasicek in Kings zone.
15:45 of 1st period - Wrist shot by Paul Stastny.
15:45 of 1st period - Goal by Paul Stastny - Avalanche : 1 - Kings : 0.
15:46 of 1st period - Tyler Seguin wins face-off versus Chris Drury in neutral zone.
16:32 of 1st period - Wrist shot by Greg Campbell.
16:32 of 1st period - Goal by Greg Campbell - Avalanche : 1 - Kings : 1.
16:33 of 1st period - Chris Drury wins face-off versus Tyler Seguin in neutral zone.
16:38 of 1st period - Slapshot by Dan Boyle.
16:38 of 1st period - Stopped by Frederik Andersen without a rebound.
16:39 of 1st period - Chris Drury wins face-off versus Tyler Seguin in Kings zone.
16:54 of 1st period - Slapshot by Alexander Radulov.
16:54 of 1st period - Stopped by Frederik Andersen with a rebound.
17:31 of 1st period - Off-side.
17:32 of 1st period - Bryan Little wins face-off versus Josef Vasicek in neutral zone.
17:40 of 1st period - Minor Penalty to Maxim Kondratiev for Holding.
17:41 of 1st period - Bryan Little wins face-off versus Greg Campbell in Kings zone.
17:53 of 1st period - Snap shot by Mikkel Boedker.
17:53 of 1st period - Stopped by Frederik Andersen with a rebound.
17:55 of 1st period - Wrist shot by Corey Perry.
17:55 of 1st period - Shot Misses the Net.
17:57 of 1st period - Slapshot by Dan Boyle.
17:57 of 1st period - Stopped by Frederik Andersen with a rebound.
19:40 of 1st period - Penalty to Maxim Kondratiev is over, Maxim Kondratiev is back on ice.
19:40 of 1st period - Anze Kopitar is hit by Dan Boyle and loses puck.
Goals for this period are 1 for Avalanche vs 1 for Kings.
Shots for this period are 18 for Avalanche vs 3 for Kings.

2nd period


0:01 of 2nd period - Paul Stastny wins face-off versus Tyler Seguin in neutral zone.
0:04 of 2nd period - Dave Tanabe is hit by Brandon Yip.
0:08 of 2nd period - Wrist shot by Jack Johnson.
0:08 of 2nd period - Deflect By Drew Doughty.
0:08 of 2nd period - Stopped by Frederik Andersen without a rebound.
0:09 of 2nd period - Tyler Seguin wins face-off versus Paul Stastny in Kings zone.
0:40 of 2nd period - Andrei Kostitsyn is hit by Dave Tanabe and loses puck.
1:00 of 2nd period - Off-side.
1:01 of 2nd period - Alexander Radulov wins face-off versus Anze Kopitar in neutral zone.
1:06 of 2nd period - Snap shot by Andrew Ladd.
1:06 of 2nd period - Stopped by Frederik Andersen with a rebound.
1:08 of 2nd period - Wrist shot by Chris Drury.
1:08 of 2nd period - Shot Misses the Net.
1:12 of 2nd period - Slapshot by Alexander Radulov.
1:12 of 2nd period - Shot Blocked by Johnny Gaudreau.
1:49 of 2nd period - Pernell Karl Subban is hit by Nathan Paetsch and loses puck.
3:07 of 2nd period - Wrist shot by Greg Campbell.
3:07 of 2nd period - Stopped by Semyon Varlamov with a rebound.
3:09 of 2nd period - Slapshot by Greg Campbell.
3:09 of 2nd period - Stopped by Semyon Varlamov with a rebound.
3:47 of 2nd period - Snap shot by Bryan Little.
3:47 of 2nd period - Shot Blocked by Maxim Kondratiev.
3:49 of 2nd period - Wrist shot by Jack Johnson.
3:49 of 2nd period - Shot Misses the Net.
3:51 of 2nd period - Wrist shot by Corey Perry.
3:51 of 2nd period - Stopped by Frederik Andersen with a rebound.
3:53 of 2nd period - Slapshot by Jack Johnson.
3:53 of 2nd period - Stopped by Frederik Andersen with a rebound.
5:10 of 2nd period - Chris Drury is hit by Josef Vasicek and loses puck.
5:15 of 2nd period - Slapshot by Drew Doughty.
5:15 of 2nd period - Shot Misses the Net.
5:44 of 2nd period - Marc Staal is hit by Alexei Morozov and loses puck.
6:23 of 2nd period - Snap shot by Greg Campbell.
6:23 of 2nd period - Deflect By Cam Janssen.
6:23 of 2nd period - Shot Blocked by Marc Staal.
6:23 of 2nd period - Puck is out of play.
6:24 of 2nd period - Tyler Seguin wins face-off versus Bryan Little in Avalanche zone.
6:27 of 2nd period - Snap shot by Simon Gagné.
6:27 of 2nd period - Stopped by Semyon Varlamov with a rebound.
6:35 of 2nd period - Corey Perry is hit by Alexei Morozov.
7:18 of 2nd period - Snap shot by Anze Kopitar.
7:18 of 2nd period - Shot Blocked by Jay Bouwmeester.
8:39 of 2nd period - Icing by Johnny Boychuk.
8:40 of 2nd period - Kyle Turris wins face-off versus Greg Campbell in Avalanche zone.
8:40 of 2nd period - Kyle Turris is hit by Nathan Paetsch.
9:13 of 2nd period - Snap shot by Chuck Kobasew.
9:13 of 2nd period - Stopped by Frederik Andersen without a rebound.
9:14 of 2nd period - Bryan Little wins face-off versus Tyler Seguin in Kings zone.
9:21 of 2nd period - Wrist shot by Bryan Little.
9:21 of 2nd period - Stopped by Frederik Andersen with a rebound.
9:25 of 2nd period - Snap shot by Corey Perry.
9:25 of 2nd period - Deflect By Bryan Little.
9:25 of 2nd period - Deflect By Drew Doughty.
9:25 of 2nd period - Shot Blocked by Tyler Seguin.
9:25 of 2nd period - Puck is out of play.
9:26 of 2nd period - Chris Drury wins face-off versus Anze Kopitar in Kings zone.
9:29 of 2nd period - Snap shot by Chris Drury.
9:29 of 2nd period - Goal by Chris Drury - Avalanche : 2 - Kings : 1.
9:30 of 2nd period - Chris Drury wins face-off versus Anze Kopitar in neutral zone.
9:39 of 2nd period - Snap shot by Alexander Radulov.
9:39 of 2nd period - Stopped by Frederik Andersen without a rebound.
9:40 of 2nd period - Chris Drury wins face-off versus Anze Kopitar in Kings zone.
9:42 of 2nd period - Minor Penalty to Pernell Karl Subban for Roughing.
9:43 of 2nd period - Anze Kopitar wins face-off versus Andrew Ladd in Avalanche zone.
11:15 of 2nd period - Snap shot by Alexander Radulov.
11:15 of 2nd period - Stopped by Frederik Andersen with a rebound.
11:17 of 2nd period - Snap shot by Alexander Radulov.
11:17 of 2nd period - Shot Misses the Net.
11:42 of 2nd period - Penalty to Pernell Karl Subban is over, Pernell Karl Subban is back on ice.
11:53 of 2nd period - Pernell Karl Subban is hit by Greg Campbell and loses puck.
12:02 of 2nd period - Bryan Little is hit by Michael Haley and loses puck.
12:13 of 2nd period - Wrist shot by Rostislav Olesz.
12:13 of 2nd period - Stopped by Semyon Varlamov with a rebound.
13:39 of 2nd period - Slapshot by Marc Staal.
13:39 of 2nd period - Stopped by Frederik Andersen with a rebound.
14:03 of 2nd period - Peter Prucha is hit by Jay Bouwmeester and loses puck.
14:08 of 2nd period - Snap shot by Andrei Kostitsyn.
14:08 of 2nd period - Stopped by Frederik Andersen with a rebound.
14:20 of 2nd period - Johnny Boychuk is hit by Michael Haley and loses puck.
14:33 of 2nd period - Kyle Turris is hit by Patric Hornqvist and loses puck.
14:48 of 2nd period - Mikkel Boedker is hit by Alexei Morozov and loses puck.
14:59 of 2nd period - Simon Gagné is hit by Jay Bouwmeester and loses puck.
15:39 of 2nd period - Nathan Paetsch is hit by Bryan Little and loses puck.
15:46 of 2nd period - Dave Tanabe is hit by Mikkel Boedker and loses puck.
16:03 of 2nd period - Wrist shot by Mikkel Boedker.
16:03 of 2nd period - Stopped by Frederik Andersen without a rebound.
16:04 of 2nd period - Anze Kopitar wins face-off versus Paul Stastny in Kings zone.
16:41 of 2nd period - Slapshot by Stephane Robidas.
16:41 of 2nd period - Deflect By Josef Vasicek.
16:41 of 2nd period - Shot Misses the Net.
16:41 of 2nd period - Puck is out of play.
16:42 of 2nd period - Chris Drury wins face-off versus Anze Kopitar in Avalanche zone.
17:15 of 2nd period - Slapshot by Paul Stastny.
17:15 of 2nd period - Shot Blocked by Dave Tanabe.
17:17 of 2nd period - Wrist shot by Paul Stastny.
17:17 of 2nd period - Shot Misses the Net.
17:56 of 2nd period - Wrist shot by Anze Kopitar.
17:56 of 2nd period - Deflect By Patric Hornqvist.
17:56 of 2nd period - Shot Blocked by Johnny Boychuk.
17:56 of 2nd period - Puck is out of play.
17:57 of 2nd period - Anze Kopitar wins face-off versus Paul Stastny in Avalanche zone.
18:00 of 2nd period - Wrist shot by Anze Kopitar.
18:00 of 2nd period - Stopped by Semyon Varlamov with a rebound.
18:36 of 2nd period - Slapshot by Alexander Radulov.
18:36 of 2nd period - Stopped by Frederik Andersen with a rebound.
18:48 of 2nd period - Wrist shot by Alexei Morozov.
18:48 of 2nd period - Stopped by Semyon Varlamov with a rebound.
19:05 of 2nd period - Icing by Bryan Little.
19:06 of 2nd period - Kyle Turris wins face-off versus Anze Kopitar in Avalanche zone.
19:06 of 2nd period - Kyle Turris is hit by Anze Kopitar.
19:32 of 2nd period - Brandon Yip is hit by Drew Doughty and loses puck.
19:41 of 2nd period - Wrist shot by Alexei Morozov.
19:41 of 2nd period - Shot Misses the Net.
19:43 of 2nd period - Slapshot by Nathan Paetsch.
19:43 of 2nd period - Shot Misses the Net.
Goals for this period are 1 for Avalanche vs 0 for Kings.
Shots for this period are 13 for Avalanche vs 6 for Kings.

3rd period


0:01 of 3rd period - Paul Stastny wins face-off versus Anze Kopitar in neutral zone.
0:23 of 3rd period - Minor Penalty to Andrei Kostitsyn for Roughing.
0:24 of 3rd period - Anze Kopitar wins face-off versus Andrew Ladd in Avalanche zone.
0:27 of 3rd period - Snap shot by Anze Kopitar.
0:27 of 3rd period - Stopped by Semyon Varlamov with a rebound.
0:29 of 3rd period - Slapshot by Patric Hornqvist.
0:29 of 3rd period - Stopped by Semyon Varlamov without a rebound.
0:30 of 3rd period - Anze Kopitar wins face-off versus Andrew Ladd in Avalanche zone.
1:01 of 3rd period - Slapshot by Drew Doughty.
1:01 of 3rd period - Stopped by Semyon Varlamov with a rebound.
1:03 of 3rd period - Snap shot by Tyler Seguin.
1:03 of 3rd period - Deflect By Pernell Karl Subban.
1:03 of 3rd period - Stopped by Semyon Varlamov with a rebound.
1:05 of 3rd period - Snap shot by Alexei Morozov.
1:05 of 3rd period - Shot Misses the Net.
1:07 of 3rd period - Snap shot by Drew Doughty.
1:07 of 3rd period - Shot Blocked by Andrew Ladd.
1:09 of 3rd period - Slapshot by Rostislav Olesz.
1:09 of 3rd period - Stopped by Semyon Varlamov without a rebound.
1:10 of 3rd period - Chris Drury wins face-off versus Anze Kopitar in Avalanche zone.
1:10 of 3rd period - Chris Drury is hit by Anze Kopitar.
1:22 of 3rd period - Snap shot by Anze Kopitar.
1:22 of 3rd period - Shot Misses the Net.
1:24 of 3rd period - Wrist shot by Johnny Gaudreau.
1:24 of 3rd period - Shot Misses the Net.
2:23 of 3rd period - Penalty to Andrei Kostitsyn is over, Andrei Kostitsyn is back on ice.
3:32 of 3rd period - Rostislav Olesz is hit by Jack Johnson and loses puck.
3:53 of 3rd period - Wrist shot by Alexei Morozov.
3:53 of 3rd period - Shot Misses the Net.
4:07 of 3rd period - Anze Kopitar is hit by Alexander Radulov and loses puck.
4:38 of 3rd period - Wrist shot by Bryan Little.
4:38 of 3rd period - Stopped by Frederik Andersen without a rebound.
4:39 of 3rd period - Tyler Seguin wins face-off versus Paul Stastny in Kings zone.
4:52 of 3rd period - Wrist shot by Andrei Kostitsyn.
4:52 of 3rd period - Stopped by Frederik Andersen with a rebound.
4:54 of 3rd period - Slapshot by Jack Johnson.
4:54 of 3rd period - Deflect By Tyler Seguin.
4:54 of 3rd period - Stopped by Frederik Andersen with a rebound.
5:34 of 3rd period - Wrist shot by Anze Kopitar.
5:34 of 3rd period - Shot Misses the Net.
5:36 of 3rd period - Snap shot by Anze Kopitar.
5:36 of 3rd period - Stopped by Semyon Varlamov with a rebound.
7:30 of 3rd period - Andrew Ladd is hit by Michael Haley.
7:39 of 3rd period - Snap shot by Nathan Paetsch.
7:39 of 3rd period - Stopped by Semyon Varlamov with a rebound.
7:41 of 3rd period - Slapshot by Michael Haley.
7:41 of 3rd period - Shot Blocked by Jack Johnson.
7:51 of 3rd period - Wrist shot by Cam Janssen.
7:51 of 3rd period - Shot Misses the Net.
7:53 of 3rd period - Snap shot by Cam Janssen.
7:53 of 3rd period - Deflect By Chris Drury.
7:53 of 3rd period - Shot Misses the Net.
7:53 of 3rd period - Puck is out of play.
7:54 of 3rd period - Tyler Seguin wins face-off versus Paul Stastny in Avalanche zone.
8:04 of 3rd period - Off-side.
8:05 of 3rd period - Paul Stastny wins face-off versus Tyler Seguin in neutral zone.
8:08 of 3rd period - Backhand shot by Andrei Kostitsyn.
8:08 of 3rd period - Shot Misses the Net.
8:14 of 3rd period - Snap shot by Brandon Yip.
8:14 of 3rd period - Deflect By Dave Tanabe.
8:14 of 3rd period - Stopped by Frederik Andersen without a rebound.
8:15 of 3rd period - Simon Gagné wins face-off versus Paul Stastny in Kings zone.
8:50 of 3rd period - Alexei Morozov is hit by Jay Bouwmeester.
9:09 of 3rd period - Off-side.
9:10 of 3rd period - Bryan Little wins face-off versus Anze Kopitar in neutral zone.
9:36 of 3rd period - Icing by Stephane Robidas.
9:37 of 3rd period - Alexander Radulov wins face-off versus Josef Vasicek in Kings zone.
9:45 of 3rd period - Minor Penalty to Maxim Kondratiev for High sticking.
9:46 of 3rd period - Greg Campbell wins face-off versus Bryan Little in Kings zone.
10:53 of 3rd period - Stephane Robidas is hit by Mikkel Boedker and loses puck.
11:18 of 3rd period - Nathan Paetsch is hit by Andrei Kostitsyn and loses puck.
11:41 of 3rd period - Wrist shot by Simon Gagné.
11:41 of 3rd period - Shot Blocked by Alexander Radulov.
11:45 of 3rd period - Penalty to Maxim Kondratiev is over, Maxim Kondratiev is back on ice.
13:06 of 3rd period - Tyler Seguin is hit by Johnny Boychuk and loses puck.
13:32 of 3rd period - Peter Prucha is hit by Bryan Little and loses puck.
13:48 of 3rd period - Mikkel Boedker is hit by Nathan Paetsch and loses puck.
13:54 of 3rd period - Minor Penalty to Bryan Little for Slashing.
13:55 of 3rd period - Anze Kopitar wins face-off versus Chuck Kobasew in Avalanche zone.
13:55 of 3rd period - Slapshot by Drew Doughty.
13:55 of 3rd period - Deflect By Johnny Gaudreau.
13:55 of 3rd period - Stopped by Semyon Varlamov with a rebound.
13:57 of 3rd period - Slapshot by Drew Doughty.
13:57 of 3rd period - Stopped by Semyon Varlamov without a rebound.
13:58 of 3rd period - Anze Kopitar wins face-off versus Andrew Ladd in Avalanche zone.
13:59 of 3rd period - Wrist shot by Drew Doughty.
13:59 of 3rd period - Stopped by Semyon Varlamov without a rebound.
14:00 of 3rd period - Chuck Kobasew wins face-off versus Anze Kopitar in Avalanche zone.
14:45 of 3rd period - Jack Johnson is hit by Patric Hornqvist and loses puck.
15:08 of 3rd period - Slapshot by Drew Doughty.
15:08 of 3rd period - Shot Blocked by Johnny Boychuk.
15:10 of 3rd period - Wrist shot by Drew Doughty.
15:10 of 3rd period - Stopped by Semyon Varlamov with a rebound.
15:12 of 3rd period - Wrist shot by Johnny Gaudreau.
15:12 of 3rd period - Deflect By Anze Kopitar.
15:12 of 3rd period - Shot Misses the Net.
15:12 of 3rd period - Puck is out of play.
15:13 of 3rd period - Andrew Ladd wins face-off versus Simon Gagné in Avalanche zone.
15:22 of 3rd period - Wrist shot by Rostislav Olesz.
15:22 of 3rd period - Shot Misses the Net.
15:54 of 3rd period - Penalty to Bryan Little is over, Bryan Little is back on ice.
17:17 of 3rd period - Icing by Alexei Morozov.
17:18 of 3rd period - Kyle Turris wins face-off versus Greg Campbell in Kings zone.
17:27 of 3rd period - Wrist shot by Andrew Ladd.
17:27 of 3rd period - Stopped by Frederik Andersen without a rebound.
17:28 of 3rd period - Tyler Seguin wins face-off versus Chris Drury in Kings zone.
17:28 of 3rd period - Tyler Seguin is hit by Andrew Ladd.
17:56 of 3rd period - Snap shot by Jack Johnson.
17:56 of 3rd period - Shot Misses the Net.
18:18 of 3rd period - Backhand shot by Drew Doughty.
18:18 of 3rd period - Stopped by Semyon Varlamov with a rebound.
18:20 of 3rd period - Slapshot by Dave Tanabe.
18:20 of 3rd period - Shot Misses the Net.
18:56 of 3rd period - Slapshot by Jack Johnson.
18:56 of 3rd period - Shot Misses the Net.
18:58 of 3rd period - Wrist shot by Chris Drury.
18:58 of 3rd period - Shot Misses the Net.
19:10 of 3rd period - Snap shot by Andrew Ladd.
19:10 of 3rd period - Shot Misses the Net.
19:12 of 3rd period - Slapshot by Andrew Ladd.
19:12 of 3rd period - Shot Misses the Net.
19:14 of 3rd period - Snap shot by Andrew Ladd.
19:14 of 3rd period - Shot Misses the Net.
19:16 of 3rd period - Snap shot by Chuck Kobasew.
19:16 of 3rd period - Shot Misses the Net.
19:18 of 3rd period - Snap shot by Chris Drury.
19:18 of 3rd period - Shot Blocked by Nathan Paetsch.
19:23 of 3rd period - Minor Penalty to Anze Kopitar for Hooking.
19:24 of 3rd period - Bryan Little wins face-off versus Greg Campbell in Kings zone.
19:40 of 3rd period - Slapshot by Peter Prucha.
19:40 of 3rd period - Stopped by Semyon Varlamov without a rebound.
19:41 of 3rd period - Paul Maurice call a timeout for Kings.
19:41 of 3rd period - Bryan Little wins face-off versus Greg Campbell in Avalanche zone.
Goals for this period are 0 for Avalanche vs 0 for Kings.
Shots for this period are 5 for Avalanche vs 13 for Kings.